 Dungeon Crawl Stone Soup version 0.28.0 (webtiles) character file.

Game seed: 8761203658443579612

64 Jerry the Covered (level 4, -4/35 HPs)
             Began as a Djinni Fighter on Feb 8, 2022.
             Slain by Sigmund (11 damage)
             ... on level 2 of the Dungeon.
             The game lasted 00:05:25 (2490 turns).

Jerry the Covered (Djinni Fighter)                  Turns: 2490, Time: 00:05:29

Health: -4/35      AC:  6    Str: 17    XL:     4   Next: 32%
Gold:   13         EV:  9    Int: 15    God:
                   SH:  0    Dex: 13

rFire   + + .      SeeInvis .   a - +0 long sword
rCold   x . .      Faith    .   c - +0 buckler
rNeg    . . .      Spirit   .   b - +0 scale mail
rPois   ∞          Reflect  .   (no helmet)
rElec   .          Harm     .   (no cloak)
rCorr   .          Rampage  .   (no gloves)
Will    .....                   (boots unavailable)
Stlth   ..........              (no amulet)
HPRegen 0.11/turn               k - +6 ring of intelligence
MPRegen 0.00/turn               (no ring)

@: confused, flying
A: sickness immunity, fire resistance 2, cold vulnerability 1, float, innate
caster, HP casting, extra vitality 1
a: no special abilities


You were on level 2 of the Dungeon.
You visited 1 branch of the dungeon, and saw 3 of its levels.

You collected 13 gold pieces.

Inventory:

Hand Weapons
 a - a +0 long sword (weapon)
 g - a +0 dagger of venom
Armour
 b - a +0 scale mail (worn)
 c - a +0 buckler (worn)
Jewellery
 k - a +6 ring of intelligence (left hand)
Scrolls
 f - a scroll of blinking {unknown}
 i - a scroll of immolation {unknown}
 j - a scroll of noise {unknown}
 l - a scroll of teleportation {unknown}
Potions
 d - a potion of might
 e - a potion of flight {unknown}
 h - a potion of haste {unknown}


   Skills:
 + Level 3.3 Fighting
 + Level 2.2 Long Blades
 + Level 3.4 Armour
 + Level 1.5 Dodging
 + Level 3.4 Shields


You had 2 spell levels left.
You knew the following spells:

 Your Spells              Type           Power      Damage    Failure   Level
a - Sandblast             Erth           0%         2d4       75%         1
Your spell library was empty.

Dungeon Overview and Level Annotations

Branches:
Dungeon (3/15)

Altars:

Annotations:
D:2 Sigmund


Innate Abilities, Weirdness & Mutations

You are immune to sickness and miasma.
You are immune to poison.
Your flesh is very heat resistant. (rF++)
You are vulnerable to cold. (rC-)
You float through the air rather than walking.
You learn spells naturally, not from books.
Your magical power is your life essence.
You have superior vitality. (+4 MHP)


Message History

You miss something. Something hits you.
You barely miss something.
You hear some strange, mumbled words.
A puff of flame appears from out of thin air!
The puff of flame misses you. Something hits you.
You hit something. You block something's attack.
You closely miss something. Something hits you.
You slash something! Something hits you but does no damage. Something hits you.
* * * LOW HITPOINT WARNING * * *
You miss something. Something hits you but does no damage.
You miss something.
You hear some strange, mumbled words.
Something tries to affect you, but you resist.
You barely miss something.
An endoplasm comes into view.
Something hits you.
* * * LOW HITPOINT WARNING * * *
Something hits you but does no damage.
The endoplasm moves out of view.
You completely miss something. You block something's attack.
You miss something.
You hear some strange, mumbled words.
A magic dart appears from out of thin air!
The magic dart hits you.
* * * LOW HITPOINT WARNING * * *
You hear some strange, mumbled words.
A puff of flame appears from out of thin air!
The puff of flame hits you but does no damage.
You resist.
Items here: ))) [ ††††.
You hear some strange, mumbled words.
You are confused.
There is a stone staircase leading up here.
A puff of flame appears from out of thin air!
The puff of flame hits you. You resist.
* * * LOW HITPOINT WARNING * * *
You fly upwards.
Level annotation: Sigmund Reactivating autopickup.
Sigmund hits you from afar with a +0 scythe!
You die...

##.#...####.........##.#...#.#.#
..........'.........'........#.#
##.#...####.........##<#.>...#.#
##......# ##.......###.##..###.#
#...##^.## ##.....## #.###.# #.#
..P#PP^..# ##...## #.###.###.#
..#.##...# ##'## #.........#
.#.#.P...######.### #####.#####
#.#.##..........@.# #.#
#.#.#....#.####.#.# #.#
#.#.#_........@...###### #.#
#.#.#...#..##..........# #.#
#.#.##^.#..##.......##.# #.#
.#.#P.^....##.#...#.##.###.#
..#.##........#...#........#
..P#P.^.#..####...####.#####
....##^.#..............#


You could see Sigmund.

Vanquished Creatures
  An adder (D:2)
  A worm (D:2)
  3 dart slugs (D:1)
  3 orcs (D:3)
  2 ball pythons
  2 endoplasms
  3 giant cockroaches
  7 hobgoblins
  6 bats
  4 frilled lizards
  4 kobolds
  7 rats
43 creatures vanquished.

Vanquished Creatures (others)
  2 fungi (D:2)
  A plant (D:2)
3 creatures vanquished.

Grand Total: 46 creatures vanquished

Notes
Turn   | Place    | Note
-------+----------+-------------------------------------------
     0 | D:1      | Jerry the Djinni Fighter began the quest for the Orb.
     0 | D:1      | Reached XP level 1. HP: 20/20 MP: 0/0
   120 | D:1      | Reached XP level 2. HP: 25/25 MP: 0/0
   435 | D:1      | Reached skill level 1 in Dodging
   435 | D:1      | Reached XP level 3. HP: 28/30 MP: 0/0
   435 | D:1      | Learned a level 1 spell: Sandblast
  1161 | D:2      | Identified the +8 spear of Jerail {antimagic, rC+ rN+
                  | Str+4}
  1336 | D:2      | Found a faded altar of an unknown god.
  1459 | D:2      | Reached XP level 4. HP: 34/35 MP: 0/0
  1794 | D:2      | Noticed Sigmund
  2490 | D:2      | Slain by Sigmund

Illustrated notes

Levels and vault maps discovered:
D:1:      shiori_arrival_elements, layout_loops_ring, chequers_mini_garden,
          nrook_mini_vaults, columned_hall_lemuel
D:2:      layout_loops_corners, shapermc_ecumenical_altar_rom_forum,
          uniq_sigmund
D:3:      layout_loops_ring, kennysheep_slug_shrine, serial_shops,
          nicolae_shop_trees

Skill      XL: |  1  2 |
---------------+-------+-----
Long Blades    | 2 |  2.2
Dodging        | 1 |  1.5
Fighting       | |  3.3
Armour         | |  3.4
Shields        | |  3.4

Action                   |  1- 3 |  4- 6 || total
-------------------------+-------+-------++-------
Melee: Long sword        |    84 |    55 ||   139
Armor: Scale mail        |    42 |    29 ||    71
Dodge: Dodged            |    36 |    27 ||    63
Block: Buckler           |    12 |    21 ||    33
